 Dungeon Crawl Stone Soup version 0.27-a0-1312-g5cdb2b3542 (webtiles) character file.

Game seed: 7552744197081155476

2 bilbop the Caller (level 1, -1/14 HPs)
             Began as a Hill Orc Summoner on June 19, 2021.
             Slain by a jackal (3 damage)
             ... on level 1 of the Dungeon.
             The game lasted 00:01:40 (110 turns).

bilbop the Caller (Hill Orc Summoner)                Turns: 110, Time: 00:01:41

Health: -1/14      AC:  2    Str: 10    XL:     1   Next: 40%
Magic:  1/3        EV: 12    Int: 15    God:
Gold:   0          SH:  0    Dex: 11    Spells: 2/3 levels left

rFire    . . .     SeeInvis .   (no weapon)
rCold    . . .     Faith    .   (no shield)
rNeg     . . .     Spirit   .   a - +0 robe
rPois    .         Reflect  .   (no helmet)
rElec    .         Harm     .   (no cloak)
rCorr    .         Rampage  .   (no gloves)
Will     .....                  (no boots)
Stlth    ++........             (no amulet)
HPRegen  0.04/turn              (no ring)
MPRegen  0.08/turn              (no ring)

@: no status effects
A: no striking features
a: no special abilities


You were on level 1 of the Dungeon.
You visited 1 branch of the dungeon, and saw 1 of its levels.

Inventory:

Armour
 a - a +0 robe (worn)
Potions
 b - a potion of magic {unknown}


   Skills:
 + Level 0.2 Fighting
 + Level 1.6 Dodging
 + Level 1.6 Stealth
 + Level 1.6 Spellcasting
 + Level 4.0 Summonings


You had 2 spell levels left.
You knew the following spells:

 Your Spells              Type           Power      Damage    Failure   Level
a - Summon Small Mammal   Summ           52%        N/A       4%          1

Your spell library contained the following spells:

 Spells                   Type           Power      Damage    Failure   Level
 Call Imp                 Summ           13%        N/A       7%          2
 Call Canine Familiar     Summ           13%        N/A       13%         3
 Summon Guardian Golem    Hex/Summ       7%         N/A       30%         3
 Summon Ice Beast         Ice/Summ       7%         N/A       71%         4
 Summon Lightning Spire   Summ/Air       7%         N/A       71%         4


Dungeon Overview and Level Annotations

Branches:
Dungeon (1/15)

Altars:


Message History

Your quokka closely misses the jackal.
You closely miss the jackal.
The jackal is almost dead.
Your bat barely misses the jackal.
The jackal misses your quokka. The jackal bites you.
Your quokka bites the jackal.
The jackal misses your quokka.
You closely miss the jackal.
The jackal is almost dead.
Your bat barely misses the jackal.
The jackal bites you.
Your bat misses the jackal. The jackal bites your quokka.
Your quokka completely misses the jackal.
The jackal bites your quokka.
You hit the jackal.
You kill the jackal!
Your bat barely misses the jackal.
The jackal barely misses your quokka.
A jackal comes into view.
The jackal bites you.
* * * LOW HITPOINT WARNING * * *
The jackal bites your quokka.
Your quokka barely misses the jackal.
Your bat hits the jackal but does no damage.
The jackal bites your quokka but does no damage.
Your quokka closely misses the jackal.
You are too injured to fight recklessly!
Casting: Summon Small Mammal (safe; 4% risk of failure)
Press: ? - help, Q - select action Dir - look around, f - activate Your bat closely misses the jackal.
The jackal bites you.
* * * LOW HITPOINT WARNING * * *
The jackal bites your quokka but does no damage.
Your quokka bites the jackal.
The jackal closely misses you. The kobold closely misses your quokka.
The jackal bites your quokka but does no damage.
Your bat hits the jackal but does no damage.
Your quokka bites the jackal but does no damage.
The jackal misses your bat.
Your rat completely misses the jackal.
You hit the jackal.
The jackal is moderately wounded.
Your bat hits the jackal but does no damage.
The jackal completely misses your bat. The jackal bites you.
You die...

######.##.######
##.....)..
#....#####
#.........
#...######
##†........
##.....#####
#.......#
#.....@.#
#.....hr#
##..brK##
##.h†#######
##.....h...
#..######. #..#
#..# ....


You could see 2 jackals, a kobold, a friendly quokka (summoned), a friendly bat
(summoned) and a friendly rat (summoned).

Vanquished Creatures
  A jackal (D:1)
1 creature vanquished.

Vanquished Creatures (collateral kills)
  A bat (D:1)
  A rat (D:1)
2 creatures vanquished.

Grand Total: 3 creatures vanquished

Notes
Turn   | Place    | Note
-------+----------+-------------------------------------------
     0 | D:1      | bilbop the Hill Orc Summoner began the quest for the Orb.
     0 | D:1      | Reached XP level 1. HP: 14/14 MP: 3/3
   110 | D:1      | Slain by a jackal

Illustrated notes

Levels and vault maps discovered:
D:1:      zelgadis_glass_arrival_small, layout_loops_ring

Action                   || total
-------------------------++-------
Melee: Unarmed           ||     9
 Cast: Summon Small Mamm ||     8
Armor: Robe              ||     2
Dodge: Dodged            ||     5

Table legend: (Time is in decaauts)
 A = Elapsed time spent in this place.
 B = Non-inter-level travel time spent in this place.
 C = Inter-level travel time spent in this place.
 D = Time resting spent in this place.
 E = Time spent auto-exploring this place.
 F = Levels seen in this place.
 G = Mean time per level.
                   A        B        C        D        E       F      G
               +--------+--------+--------+--------+--------+-----+--------+
         Total |    110 |    110 |      0 |      0 |     72 |   1 |  110.0 |
       Dungeon |    110 |    110 |      0 |      0 |     72 |   1 |  110.0 |
               +--------+--------+--------+--------+--------+-----+--------+

Top non-repeatable levels by time:
     D:1: 110 daAuts
